 Dungeon Crawl Stone Soup version 0.22.1-2-g9c5b331 (webtiles) character file.

106 lysyklops the Firebug (level 4, -11/33 HPs)
             Began as a Draconian Fire Elementalist on Dec 17, 2018.
             Mangled by an orc warrior
             ... wielding a +0 flail
              (21 damage)
             ... on level 3 of the Dungeon.
             The game lasted 00:05:52 (2370 turns).

lysyklops the Firebug (Draconian Fire Elementalist) Turns: 2370, Time: 00:05:53

Health: -11/33     AC:  8    Str: 11    XL:     4   Next: 55%
Magic:  3/8        EV: 12    Int: 16    God:
Gold:   114        SH:  0    Dex: 11    Spells: 5/8 levels left

rFire    . . .     SeeInvis .   s - +0 whip
rCold    . . .     Gourm    .   (no shield)
rNeg     . . .     Faith    .   (armour unavailable)
rPois    .         Spirit   .   (helmet restricted)
rElec    .         Reflect  .   n - +1 cloak
rCorr    .         Harm     .   p - +0 pair of gloves
MR       .....                  (no boots)
Stlth    ++........             (no amulet)
HPRegen  0.11/turn              (no ring)
MPRegen  0.11/turn              (no ring)

@: no status effects
A: unfitting armour, cold-blooded, AC +5
a: no special abilities


You were on level 3 of the Dungeon.
You were hungry.

You visited 1 branch of the dungeon, and saw 3 of its levels.

You collected 114 gold pieces.

Inventory:

Hand Weapons
 s - a +0 whip (weapon)
Armour
 n - a +1 cloak (worn)
 p - a +0 pair of gloves (worn)
Jewellery
 g - a cursed -3 ring of dexterity {unknown}
 o - a cursed ring of teleportation {unknown}
Scrolls
 c - a scroll of blinking {unknown}
 f - 3 scrolls of identify {unknown}
 h - a scroll of remove curse {unknown}
 i - 3 scrolls of fog {unknown}
 j - a scroll of amnesia {unknown}
 k - a scroll of random uselessness {unknown}
 l - a scroll of immolation {unknown}
 r - a scroll of teleportation {unknown}
Potions
 a - 3 potions of curing {unknown}
 e - 2 potions of lignification {unknown}
 m - 2 potions of resistance {unknown}
 q - a potion of brilliance {unknown}
Comestibles
 b - 6 rations


   Skills:
 + Level 2.6 Dodging
 - Level 2.0 Stealth
 + Level 2.7 Spellcasting
 + Level 2.2 Conjurations
 + Level 3.6 Fire Magic


You had 5 spell levels left.
You knew the following spells:

 Your Spells              Type           Power        Failure   Level  Hunger
a - Flame Tongue          Conj/Fire      ##...        6%          1    #......
b - Throw Flame           Conj/Fire      ##....       9%          2    ##.....

Your spell library contained the following spells:

 Spells                   Type           Power        Failure   Level  Hunger
 Conjure Flame            Conj/Fire      ##......     17%         3    ###....
 Inner Flame              Hex/Fire       #.......     26%         3    ###....
 Sticky Flame             Conj/Fire      ##......     50%         4    #####..
 Fireball                 Conj/Fire      ##........   85%         5    ######.


Dungeon Overview and Level Annotations

Branches:
Dungeon (3/15)

Altars:
Trog


Innate Abilities, Weirdness & Mutations

Your plain brown scales are hard. (AC +5)
You cannot fit into any form of body armour.
You are cold-blooded and may be slowed by cold attacks.


Message History

The orc warrior hits you with a flail.
There is a stone staircase leading up here.
You closely miss the orc warrior.
Your tail-slap misses the orc warrior.
The orc warrior is moderately wounded.
The orc warrior closely misses you.
You hit the orc warrior but do no damage.
You tail-slap the orc warrior, but do no damage.
The orc warrior is moderately wounded.
The orc warrior misses you.
You barely miss the orc warrior.
The orc warrior is moderately wounded.
The orc warrior hits you with a flail!!
Ouch! That really hurt!
* * * LOW HITPOINT WARNING * * *
You hit the orc warrior but do no damage.
Your tail-slap misses the orc warrior.
The orc warrior is moderately wounded.
The orc warrior hits you with a flail!!
Ouch! That really hurt!
You die...

#.# ... # #.# .#
#.#.# .#
#.#.######## .#
###..........# .#
#.###.######.# .#
#.....######.# .#
#.##........@# .#
#.##...#####o#
.####.##...# #g#
...........#####.#
......##.#....)..#
..............######
.........#.#<......#
##########.#######.#
#.#


You could see an orc warrior and a goblin.

Vanquished Creatures
  5 adders (D:2)
  An ooze (D:2)
  4 worms (D:2)
  A dart slug (D:1)
  4 orcs
  2 giant cockroaches
  6 hobgoblins
  4 kobolds
  2 ball pythons
  7 bats
  5 frilled lizards
  3 rats
44 creatures vanquished.

Notes
Turn   | Place    | Note
-------+----------+-------------------------------------------
     0 | D:1      | lysyklops the Draconian Fire Elementalist began the quest
                  | for the Orb.
     0 | D:1      | Reached XP level 1. HP: 14/14 MP: 3/3
   139 | D:1      | Reached XP level 2. HP: 12/20 MP: 0/5
  1120 | D:2      | Reached XP level 3. HP: 22/26 MP: 1/6
  1465 | D:2      | Reached XP level 4. HP: 9/33 MP: 5/7
  1752 | D:2      | Found a faded altar of an unknown god.
  2108 | D:3      | Noticed an orc warrior
  2139 | D:2      | Learned a level 2 spell: Throw Flame
  2208 | D:3      | Found a bloodstained altar of Trog.
  2370 | D:3      | Mangled by an orc warrior

Skill      XL: |  1  2  3 |
---------------+----------+-----
Stealth        | 2 |  2.0
Dodging        | 2 |  2.6
Conjurations   | 2 |  2.2
Spellcasting   | |  2.7
Fire Magic     | |  3.6

Action                   |  1- 3 |  4- 6 || total
-------------------------+-------+-------++-------
Melee: Unarmed           |     8 |       ||     8
       Club              |    42 |    12 ||    54
       Tailslap          |     4 |     3 ||     7
       Whip              |       |     4 ||     4
 Cast: Flame Tongue      |    48 |    30 ||    78
       Throw Flame       |       |     5 ||     5
  Eat: Chunk             |     2 |     3 ||     5
Armor: Skin              |    16 |     3 ||    19
Dodge: Dodged            |    38 |    15 ||    53
